 Dungeon Crawl Stone Soup version 0.15-a0-1646-g393eda0 (webtiles) character file.

16 Nikss the Firebug (level 2, -1/19 HPs)
             Began as a Demonspawn Fire Elementalist on June 22, 2014.
             Slain by a giant gecko (2 damage)
             ... on Level 1 of the Dungeon.
             The game lasted 00:07:16 (765 turns).

Nikss the Firebug (Demonspawn Fire Elementalist)     Turns: 765, Time: 00:07:17

HP  -1/19        AC  6     Str  8      XL: 2   Next: 37%
MP   2/4         EV  6     Int 25      God:
Gold 57          SH  0     Dex 13      Spells:  1 memorised,  4 levels left

rFire  . . .     SeeInvis .     h - -2 dagger (curse)
rCold  . . .     Clarity  .     s - +0 scale mail
rNeg   . . .     rCorr    .     (no shield)
rPois  .         rRot     .     (helmet restricted)
rElec  .         Spirit   .     (no cloak)
SustAb .         Warding  .     (no gloves)
rMut   .         Stasis   .     (no boots)
Gourm  .                        (no amulet)
MR     .....                    (no ring)
                                (no ring)

@: brilliant, very slightly contaminated, not resistant to hostile enchantments,
extremely unstealthy
A: antennae 1, clever 2, wild magic 1
a: no special abilities


You were on level 1 of the Dungeon.
You were not hungry.

You visited 1 branch of the dungeon, and saw 1 of its levels.

You collected 57 gold pieces.

Inventory:

Hand weapons
 h - a cursed -2 dagger (weapon)
 j - a +0 club
 k - a +0 club
 p - a +0 dagger
Missiles
 d - 39 arrows
 e - 94 stones (quivered)
 i - 16 steel sling bullets
Armour
 a - a +0 robe
 f - a +0 leather armour
 l - a cursed -2 ring mail
 m - a +0 ring mail
 s - a +0 scale mail (worn)
Comestibles
 c - 3 bread rations
 g - 2 meat rations
 q - a slice of pizza
Scrolls
 r - a scroll of blinking {unknown}
Jewellery
 n - an uncursed ring of stealth {unknown}
Books
 b - a book of Flames

   Spells                             Type                      Level
   *Flame Tongue                      Conjuration/Fire             1
   Throw Flame                        Conjuration/Fire             2
   Conjure Flame                      Conjuration/Fire             3
   Inner Flame                        Hexes/Fire                   3
   Sticky Flame                       Conjuration/Fire             4
   Fireball                           Conjuration/Fire             5


   Skills:
 + Level 2.1 Dodging
 + Level 1.8 Stealth
 + Level 2.2 Spellcasting
 + Level 1.0 Conjurations
 + Level 3.0 Fire Magic


You had 4 spell levels left.
You knew the following spells:

 Your Spells              Type           Power        Failure   Level  Hunger
a - Flame Tongue          Conj/Fire      #####        28%         1    None


Dungeon Overview and Level Annotations

Branches:
Dungeon (1/15)

Altars:


Innate Abilities, Weirdness & Mutations

You have a pair of small antennae on your head.
Your mind is very acute. (Int +4)
Your spells are a little harder to cast, but a little more powerful.


Message History

Confirm with . or Enter, or press ? or * to list all spells.
Aiming: Flame Tongue
Press: ? - help, Shift-Dir - straight line, f/p - giant gecko
Aim: a giant gecko (moderately wounded)
You miscast Flame Tongue.
Nothing appears to happen.
The giant gecko barely misses you. The kobold hits you but does no damage.
Press: ? - help, v - describe, . - travel
Here: a kobold The floor.
The giant gecko barely misses you. The kobold hits you but does no damage.
The giant gecko bites you.
* * * LOW HITPOINT WARNING * * *
The giant gecko bites you but does no damage.
The giant gecko bites you but does no damage.
The kobold barely misses you.
The giant gecko bites you but does no damage.
The giant gecko bites you.
* * * LOW HITPOINT WARNING * * *
The giant gecko bites you.
You die...

......# #........####..........
####### #.......## ##......♣..
#♣......# #.....♣..# #.♣.....#
#......♣.# #♣......## #........#
#........####.........#
#......K..............#
#.....l%..............# #####
#...♣♣@.........♣♣....# #...###
#.#..♣..........♣..#..# ......##
#.##..............##..# .......#
#.###......♣..........# .......#
#.........♣.♣...####..#
.......########................>#
......###..........##############
#...### #................. #####
#...........######


You could see a giant gecko and a kobold.

Vanquished Creatures
  A giant gecko (D:1)
  A ball python (D:1)
  A giant cockroach (D:1)
  A goblin (D:1)
  A hobgoblin (D:1)
  A kobold (D:1)
  3 bats (D:1)
  3 giant newts (D:1)
  4 rats (D:1)
16 creatures vanquished.

Notes
Turn   | Place    | Note
--------------------------------------------------------------
     0 | D:1      | Nikss, the Demonspawn Fire Elementalist, began the quest for the Orb.
     0 | D:1      | Reached XP level 1. HP: 13/13 MP: 3/3
   103 | D:1      | Gained mutation: Your spells are a little harder to cast, but a little more powerful. [potion of mutation]
   103 | D:1      | Gained mutation: Your mind is acute. (Int +2) [potion of mutation]
   103 | D:1      | Gained mutation: Your mind is very acute. (Int +4) [potion of mutation]
   301 | D:1      | Reached skill level 3 in Fire Magic
   301 | D:1      | Gained mutation: You have a pair of small antennae on your head. [demonic ancestry]
   301 | D:1      | Reached XP level 2. HP: 19/19 MP: 2/4
   765 | D:1      | Slain by a giant gecko

Action                   || total
-------------------------++-------
Melee: Dagger            ||    31
 Cast: Flame Tongue      ||    21
  Use: Potion            ||     2
       Scroll            ||     1
